 Dungeon Crawl Stone Soup version 0.31-a0-182-gc5ef74bbde (webtiles) character file.

Game seed: 11585312698615369528

2263 benadryl the Cleaver (level 9, -1/83 HPs)
             Began as a Minotaur Fighter on June 21, 2023.
             Slain by Pikel
             ... wielding a +2 whip of flaming
              (2 damage)
             ... on level 6 of the Dungeon.
             The game lasted 00:05:36 (5572 turns).

benadryl the Cleaver (Minotaur Fighter)             Turns: 5572, Time: 00:05:37

Health: -1/83      AC: 11    Str: 25    XL:     9   Next: 15%
Magic:  0/8        EV:  8    Int:  5    God:
Gold:   441        SH:  4    Dex: 10    Spells: 8/8 levels left

rFire   . . .        a - +0 war axe (flame)
rCold   . . .        c - +0 buckler
rNeg    + . .        v - +0 chain mail
rPois   .            (helmet restricted)
rElec   .            o - scarf {repulsion}
rCorr   .            d - +1 pair of gloves
SInv    .            (no boots)
Will    +....        s - amulet of guardian spirit Stlth
                     m - ring of positive energy
HPRegen 0.33/turn    (no ring)
MPRegen 0.11/turn

%: repel missiles, guardian spirit
@: brilliant, enlightened, flying
A: horns 2, retaliatory headbutt
a: no special abilities


You were on level 6 of the Dungeon.
You visited 2 branches of the dungeon, and saw 7 of its levels.

You collected 441 gold pieces.

Inventory:

Hand Weapons
 a - a +0 war axe of flaming (weapon)
Missiles
 r - a throwing net
Armour
 b - a +0 scale mail
 c - a +0 buckler (worn)
 d - a +1 pair of gloves (worn)
 o - a scarf of repulsion (worn)
 v - a +0 chain mail (worn)
Jewellery
 m - a ring of positive energy (left hand)
 s - an amulet of guardian spirit (around neck)
 w - a ring of fire
Wands
 n - a wand of polymorph (8)
Scrolls
 l - a scroll of revelation
 q - 2 scrolls of fog
 u - a scroll of identify {@r1}
 x - a scroll of poison
Potions
 e - 3 potions of curing {@q1}
 f - 2 potions of brilliance
 g - 2 potions of lignification
 h - 4 potions of resistance
 i - a potion of degeneration {unknown}
 j - a potion of mutation {unknown}
 k - 2 potions of cancellation
 t - 3 potions of attraction


   Skills:
 + Level 9.3 Fighting
 * Level 12.0 Axes
 - Level 3.6 Armour
 - Level 3.6 Shields


You had 8 spell levels left.
You didn't know any spells.
Your spell library contained the following spells:

 Spells                   Type           Power      Damage    Failure   Level
 Cigotuvi's Dreadful Rot  Necr/Pois/Air  0%         N/A       99%         2
 Ensorcelled Hibernation  Hex/Ice        0%         N/A       99%         2
 Scorch                   Fire           0%         2d5       99%         2
 Sublimation of Blood     Necr           0%         N/A       99%         2
 Wereblood                Tmut           0%         N/A       99%         2
 Ignite Poison            Fire/Tmut/Pois 0%         N/A       100%        3
 Spider Form              Tmut/Pois      0%         N/A       100%        3
 Summon Guardian Golem    Hex/Summ       0%         N/A       100%        3
 Anguish                  Hex/Necr       0%         N/A       100%        4
 Animate Dead             Necr           0%         N/A       100%        4
 Flame Wave               Conj/Fire      0%         2d4       100%        4
 Freezing Cloud           Conj/Ice/Air   0%         6-21      100%        5
 Summon Cactus Giant      Summ           0%         N/A       100%        6
 Haunt                    Necr/Summ      0%         N/A       100%        7
 Orb of Destruction       Conj           0%         9d5       100%        7
 Spellforged Servitor     Conj/Summ      0%         N/A       100%        7
 Summon Hydra             Summ           0%         N/A       100%        7
 Infestation              Necr           0%         N/A       100%        8


Dungeon Overview and Level Annotations

Branches:
Dungeon (6/15)             Temple (1/1) D:4

Altars:
Ashenzari
Cheibriados
Elyvilon
Fedhas
Hepliaklqana
Kikubaaqudgha
Makhleb
Nemelex Xobeh
Okawaru
Qazlal
Ru
Sif Muna
Trog
Uskayaw
Vehumet
Yredelemnul
Zin
The Shining One

Shops:
D:2 [

Annotations:
D:3 3 runed translucent doors, gelatine's ghost, amateur DsGl
D:6 Pikel


Innate Abilities, Weirdness & Mutations

You have a pair of horns on your head.
You reflexively headbutt those who attack you in melee.


Message History

Pikel hits you with a +2 whip of flaming.
The lemure hits you. You block Pikel's attack.
You completely miss Pikel. You headbutt Pikel, but do no damage.
Pikel is lightly wounded.
You miss the lemure. You block Pikel's attack.
The orc priest mumbles some strange prayers to Beogh against you.
Beogh smites you!
* * * LOW HITPOINT WARNING * * *
The lemure barely misses you.
You hear a shout!
Okay, then.
It was a potion of curing.
You feel better.
Pikel hits you with a +2 whip of flaming.
The lemure hits you.
* * * LOW HITPOINT WARNING * * *
Pikel hits you but does no damage.
It was a potion of cancellation.
Your magical effects are unravelling.
You feel magically purged.
Your resistance to elements expires.
Pikel barely misses you. The lemure hits you.
* * * LOW HITPOINT WARNING * * *
It was a potion of brilliance.
You feel clever all of a sudden.
Pikel hits you with a +2 whip of flaming.
* * * LOW HITPOINT WARNING * * *
Pikel burns you.
* * * LOW HITPOINT WARNING * * *
You block the lemure's attack.
Pikel hits you with a +2 whip of flaming!
* * * LOW HITPOINT WARNING * * *
Pikel burns you.
* * * LOW HITPOINT WARNING * * *
It was a potion of enlightenment.
You feel very buoyant.
You fly up into the air.
Pikel hits you with a +2 whip of flaming.
* * * LOW HITPOINT WARNING * * *
Pikel burns you.
You die...

#)#. #.## ..
..########.## #5
........##.## #.
...<.........
#.###..#####.##...
......# #.####.
...#S###5.##.# #.# ##
...5FoK@...#.# #.# #
...oS###...#.# ##.##
# .#. .###...#.#
##...## #
..........###.....###
..###..###.........##
.....##..........##
.###............#.##
.^.#.........##.#
##...........# .#


You could see Pikel (fast), a water moccasin, 2 lemures, a bullfrog, an orc
priest, an adder and an orc.

Vanquished Creatures
  A two-headed ogre (D:6)
  Sigmund (D:6)
  Eustachio (D:5)
  A water moccasin (D:4)
  2 black bears
  An ogre (D:5)
  A centaur (D:5)
  2 phantoms (D:5)
  A lemure (D:6)
  3 scorpions (D:5)
  A vampire bat (D:3)
  A hound (D:5)
  2 orc priests
  A jelly (D:4)
  Terence (D:2)
  A sleepcap (D:6)
  3 iguanas
  2 orc wizards
  4 gnolls (D:4)
  5 adders
  An ufetubus (D:6)
  A worm (D:2)
  2 dart slugs
  3 fire bats (D:3)
  21 orcs
  2 spectral bats (D:3)
  3 bat skeletons (D:3)
  A bat zombie (D:3)
  10 endoplasms
  4 giant cockroaches
  11 goblins
  5 hobgoblins
  A jackal (D:3)
  5 kobolds
  7 quokkas
  4 ball pythons
  12 bats
  A bat simulacrum (D:3)
  5 frilled lizards
  5 rats
139 creatures vanquished.

Notes
Turn   | Place    | Note
-------+----------+-------------------------------------------
     0 | D:1      | benadryl the Minotaur Fighter began the quest for the Orb.
     0 | D:1      | Reached XP level 1. HP: 19/19 MP: 0/0
   135 | D:1      | Reached skill level 3 in Axes
   162 | D:1      | Reached XP level 2. HP: 25/27 MP: 1/1
   822 | D:2      | Noticed Terence
   830 | D:2      | Killed Terence
   831 | D:2      | Reached skill level 4 in Axes
   831 | D:2      | Reached XP level 3. HP: 7/34 MP: 2/2
  1239 | D:2      | Found Joluam's Antique Armour Shop.
  1431 | D:2      | Reached XP level 4. HP: 41/41 MP: 3/3
  1431 | D:2      | Found a faded altar of an unknown god.
  1753 | D:3      | Reached skill level 5 in Axes
  1778 | D:3      | Reached XP level 5. HP: 46/47 MP: 4/4
  1780 | D:3      | Reached skill level 5 in Fighting
  1900 | D:3      | Found a runed translucent gate.
  1900 | D:3      | Noticed gelatine's ghost (amateur DsGl)
  1902 | D:3      | Found a runed translucent gate.
  1903 | D:3      | Found a runed translucent gate.
  1924 | D:3      | Found a glowing golden altar of the Shining One.
  2023 | D:3      | Found a sacrificial altar of Ru.
  2028 | D:3      | Reached skill level 6 in Axes
  2448 | D:3      | Noticed a black bear
  2452 | D:3      | Killed a black bear
  2453 | D:3      | Reached XP level 6. HP: 56/57 MP: 5/5
  2509 | D:3      | Found a hazy altar of Hepliaklqana.
  2785 | D:4      | Reached skill level 7 in Axes
  3105 | D:4      | Found a staircase to the Ecumenical Temple.
  3117 | D:4      | Reached XP level 7. HP: 29/63 MP: 6/6
  3120 | Temple   | Entered the Ecumenical Temple
  3365 | D:4      | Reached skill level 8 in Axes
  3539 | D:4      | Found an iron altar of Okawaru.
  3539 | D:4      | Found a bloodstained altar of Trog.
  4000 | D:5      | Entered Level 5 of the Dungeon
  4012 | D:5      | Identified the +1 leather armour "Eskutomn" {+Inv}
  4031 | D:5      | Found a blossoming altar of Fedhas.
  4035 | D:5      | Reached skill level 9 in Axes
  4093 | D:5      | Reached XP level 8. HP: 69/73 MP: 7/7
  4153 | D:5      | Found a basalt altar of Yredelemnul.
  4223 | D:5      | Noticed Eustachio
  4231 | D:5      | Killed Eustachio
  4232 | D:5      | Reached skill level 10 in Axes
  4427 | D:5      | Found a white marble altar of Elyvilon.
  4515 | D:5      | Found a radiant altar of Vehumet.
  4951 | D:6      | Noticed a two-headed ogre
  4964 | D:6      | Killed a two-headed ogre
  4965 | D:6      | Reached skill level 11 in Axes
  4965 | D:6      | Reached XP level 9. HP: 22/83 MP: 3/8
  5368 | D:6      | Noticed Sigmund
  5374 | D:6      | Killed Sigmund
  5423 | D:6      | Found a sparkling altar of Nemelex Xobeh.
  5428 | D:6      | Reached skill level 12 in Axes
  5557 | D:6      | Noticed Pikel
  5571 | D:6      | HP: 4/83 [Pikel/+2 whip of flaming (3)]
  5572 | D:6      | HP: 1/83 [Pikel/+2 whip of flaming (4)]
  5572 | D:6      | Slain by Pikel

Illustrated notes

Levels and vault maps discovered:
D:1:      reono_arrival_forest_river, layout_basic, minmay_hexomino_f4
D:2:      layout_loops_cross, serial_shops, shop,
          shapermc_ecumenical_altar_flowoftime, minmay_misc_feat_five,
          uniq_terence
D:3:      layout_loops_corners, amcnicky_altar_gilded,
          nicolae_hepliaklqana_hippocampus, nicolae_ru_great_annihilating_truth,
          gammafunk_ghost_split, palyth_stone_intersect, goddamned_bats
D:4:      kennysheep_the_goblin_king, layout_loops_corners,
          grunt_temple_overflow_bloody_war, minmay_temple_entry_slanted
D:5:      layout_basic, kennysheep_ying_yang, fedhas_bush_and_centaur_altar,
          mainiacjoe_overflow_cross_hatched, uniq_eustachio
D:6:      layout_loops_ring, lemuel_round_altar, uniq_sigmund, uniq_pikel
Temple:   nicolae_temple_superstar

Skill      XL: |  1  2  3  4  5  6  7  8  9 |
---------------+----------------------------+-----
Axes           | 3 4 5 6 7 9 11 12 | 12.0
Fighting       | 4 5 6 7 9 |  9.3
Armour         | |  3.6
Shields        | |  3.6

Action                     |  1- 3 |  4- 6 |  7- 9 || total
---------------------------+-------+-------+-------++-------
  Melee: War axe           |    60 |   110 |   117 ||   287
         Headbutt          |     6 |    15 |    22 ||    43
    Use: Potion            |     1 |       |     6 ||     7
         Scroll            |     4 |     2 |     5 ||    11
   Stab: Paralysed         |       |     1 |       ||     1
 Armour: Scale mail        |    17 |    86 |       ||   103
         Chain mail        |       |     3 |    45 ||    48
  Dodge: Dodged            |    22 |    74 |    36 ||   132
  Block: Buckler           |    17 |    33 |    26 ||    76

Table legend: (Time is in decaauts)
 A = Elapsed time spent in this place.
 B = Non-inter-level travel time spent in this place.
 C = Inter-level travel time spent in this place.
 D = Time resting spent in this place.
 E = Time spent auto-exploring this place.
 F = Levels seen in this place.
 G = Mean time per level.
                   A        B        C        D        E       F      G
               +--------+--------+--------+--------+--------+-----+--------+
         Total |   5622 |   5468 |    154 |    399 |   4306 |   7 |  803.1 |
       Dungeon |   5410 |   5272 |    138 |    399 |   4119 |   6 |  901.7 |
        Temple |    211 |    195 |     16 |      0 |    187 |   1 |  211.0 |
               +--------+--------+--------+--------+--------+-----+--------+

Top non-repeatable levels by time:
     D:4: 1103 daAuts
     D:3: 1012 daAuts
     D:2: 981 daAuts
     D:5: 929 daAuts
     D:1: 740 daAuts
     D:6: 643 daAuts
  Temple: 211 daAuts
